 Dungeon Sprint DCSS version 0.24-a0-250-g6074511092 (webtiles) character file.

Game seed: 12428058003450969458

40707 Redear the Slayer (level 14, -4/198 HPs)
             Began as an Ogre Fighter on Apr 15, 2019.
             Was a Priest of Cheibriados.
             Slain by a storm dragon (12 damage)
             ... while paralysed
             ... in the Dungeon (Sprint VII: "The Pits").
             The game lasted 00:21:33 (5790 turns).

Redear the Slayer (Ogre Fighter)                    Turns: 5790, Time: 00:21:34

Health: -4/198     AC:  3    Str: 32    XL:     14   Next: 12%
Magic:  18/26      EV:  1    Int: 20    God:    Cheibriados [***...]
Gold:   11         SH:  0    Dex: 15    Spells: 13/13 levels left

rFire    + . .     SeeInvis .   a - +0 long sword (flame)
rCold    + . .     Gourm    .   x - +0 shield
rNeg     . . .     Faith    .   B - +0 robe
rPois    +         Spirit   .   (helmet restricted)
rElec    .         Reflect  +   (no cloak)
rCorr    .         Harm     .   (gloves unavailable)
MR       +....     NoTele   +   (boots unavailable)
Stlth    +.........             y - +5 amulet of reflection
HPRegen  0.00/turn              A - ring "Cuushrea" {*Drain rPois rF+ rC+}
MPRegen  0.20/turn              p - +3 ring of evasion

@: paralysed, berserk cooldown, slowed, glowing, very slow
A: large, unfitting armour, robust 1, inhibited regeneration, strong 1, tough
skin 1
a: Bend Time, Temporal Distortion, Renounce Religion


You were in the Dungeon.
You worshipped Cheibriados.
Cheibriados was most pleased with you.
You were hungry.

You visited 1 branch You collected 11 gold pieces.

Inventory:

Hand Weapons
 a - a +0 long sword of flaming (weapon)
 k - a +0 long sword
 l - a +0 dagger of electrocution
 n - a +5 mace of freezing
 s - a +2 scimitar of holy wrath
 t - a +2 rapier of venom
Armour
 x - a +0 shield (worn)
 B - a +0 robe (worn)
Magical Staves
 b - an uncursed staff of power {MP+15}
Jewellery
 c - an uncursed ring of protection from cold {rC+}
 m - a +3 ring of protection
 p - a +3 ring of evasion (right hand)
 w - an uncursed ring of ice {rC+ rF-}
 y - a +5 amulet of reflection (around neck)
 A - the ring "Cuushrea" (left hand) {*Drain rPois rF+ rC+}
   (You found it in the Dungeon)

   [ring of protection from cold]

   It protects you from fire.
   It protects you from cold.
   It protects you from poison.
   It causes draining when unequipped.
 C - a cursed -3 ring of strength
Scrolls
 d - 3 scrolls of fog
 f - 6 scrolls of amnesia
 u - 7 scrolls of enchant weapon
 v - 2 scrolls of fear
 N - 3 scrolls of remove curse
Potions
 e - a potion of invisibility
 i - a potion of magic
 j - 3 potions of berserk rage
 o - a potion of brilliance {Archmagi Int+5 Wiz++}
 r - a potion of resistance {rF+ rC+ rPois rElec rCorr}
 H - 2 potions of haste {@q5}
 Q - 3 potions of curing {@q2}
Miscellaneous
 g - a fan of gales
 W - a sack of spiders
Comestibles
 z - 15 rations


   Skills:
 + Level 21.7 Fighting
 - Level 14.1 Long Blades
 + Level 16.3 Dodging
 + Level 16.3 Shields
 - Level 16.6 Invocations


You had 13 spell levels left.
You didn't know any spells.
Your spell library contained the following spells:

 Spells                   Type           Power        Failure   Level  Hunger
 Magic Dart               Conj           #...         19%         1    ##.....
 Blink                    Tloc           N/A          28%         2    ###....
 Call Imp                 Summ           #.......     28%         2    ###....
 Slow                     Hex            #.......     28%         2    ###....
 Conjure Flame            Conj/Fire      #.......     50%         3    ####...
 Mephitic Cloud           Conj/Pois/Air  #.......     50%         3    ####...
 Haunt                    Necr/Summ      #.........   100%        7    #######
 Borgnjor's Revivificati  Necr           #.........   100%        8    #######
 Death's Door             Chrm/Necr      #.........   100%        8    #######
 Infestation              Necr           #.........   100%        8    #######
 Necromutation            Tmut/Necr      #.........   100%        8    #######


Dungeon Overview and Level Annotations

Branches:
Dungeon (1/1)

Altars:
Ashenzari
Cheibriados
Dithmenos
Elyvilon
Fedhas
Gozag
Hepliaklqana
Kikubaaqudgha
Makhleb
Nemelex Xobeh
Okawaru
Qazlal
Ru
Sif Muna
Trog
Uskayaw
Vehumet
Wu Jian
Xom
Yredelemnul
Zin
The Shining One
Beogh
Jiyva
Lugonu


Innate Abilities, Weirdness & Mutations

You are too large for most types of armour.
You have tough skin. (AC +1)
You are robust. (+10% HP)
You do not regenerate when monsters are visible.
Your muscles are strong. (Str +2)


Message History

The cherub is heavily wounded.
The storm dragon barely misses you. You block the storm dragon's attack.
The storm dragon tramples you!
* * * LOW HITPOINT WARNING * * *
You hold your ground!
The cherub unwields a +0 hunting sling.
The cherub wields a +1 scimitar of flaming.
It bursts into flame!
The cherub closely misses you. You block the cherub's attack.
You take 10 damage, and have 15/297 hp.
Unknown command.
You are too berserk!
Unknown command.
You miss the cherub.
The cherub is heavily wounded.
You are no longer berserk.
You pass out from exhaustion.
You feel yourself slow down. The storm dragon bites you.
* * * LOW HITPOINT WARNING * * *
The storm dragon claws you!
You die...

#..........# +..#....#..#
+).........# #..........#
####################..#....#..#
..................''..........#
...........))...(.''..........#
#############'##AD##..#....#..###
##)#.#.#.#.#.#)#@.##..........''.
#.#.#.#.#.#)#.##..##.......N..''.
##.#.#}#.#|#.#}#..####''####++###
#.#.#.#.#)#.#.##..####''####++###
##.#.#.#.#.#.#.#..##......##....
################..##.#'##.##...
.............)....##.#))†.##..#
..................##.)[.#.##..#
#######''###########.#).+.##.§#


You could see a storm dragon and a cherub.

Vanquished Creatures
  A greater mummy (D)
  A pearl dragon (D)
  A bone dragon (D)
  An acid blob (D)
  A nagaraja (D)
  An angel (D)
  A draconian annihilator (D)
  An apis (D)
  A vampire knight (D)
  A red draconian (D)
  A mummy priest (D)
  A hell beast (D)
  A catoblepas (D)
  A two-headed ogre (D)
  An ogre mage (D)
  2 alligators (D)
  7 death yaks (D)
  A fire crab (D)
  2 unseen horrors (D)
  A swamp dragon (D)
  A glowing orange brain (shapeshifter) (D)
  Pikel (D)
  An orc knight (D)
  A lindwurm (D)
  2 deep elf magi (D)
  A smoke demon (D)
  2 black mambas (D)
  Joseph (D)
  A merfolk siren (D)
  A gargoyle (D)
  An eye of devastation (D)
  A large abomination (D)
  A kobold demonologist (D)
  An ice devil (D)
  A hellwing (D)
  A guardian mummy (D)
  A demonic crawler (D)
  A jumping spider (D)
  A wandering mushroom (D)
  A tyrant leech (D)
  A wind drake (D)
  A hornet (D)
  An air elemental (D)
  A vampire (D)
  A wraith (D)
  A redback (D)
  A spriggan (D)
  2 shadows (D)
  A ynoxinul (D)
  A water elemental (D)
  A wyvern (D)
  2 neqoxecs (D)
  An acid dragon (D)
  A soldier ant (D)
  A porcupine (D)
  2 floating eyes (D)
  A swamp drake (D)
  An ice beast (D)
  2 orc warriors (D)
  A black bear (D)
  2 eyes of draining (D)
  4 slaves (D)
  13 wolves (D)
  2 centaurs (D)
  A big kobold (D)
  A bullfrog (D)
  A gnoll sergeant (D)
  3 wights (D)
  A quasit (D)
  A jelly (D)
  3 gnoll shamans (D)
  A hound (D)
  An orc priest (D)
  A small abomination (D)
  15 gnolls (D)
  An adder (D)
  2 ufetubi (D)
  An adder simulacrum (D)
  An orc (D)
  A bat zombie (D)
  2 goblins (D)
  A hobgoblin (D)
  2 frilled lizards (D)
  A kobold (D)
  2 rats (D)
138 creatures vanquished.

Notes
Turn   | Place    | Note
-------+----------+-------------------------------------------
     0 | D        | Redear the Ogre Fighter began the quest for the Orb.
     0 | D        | Reached XP level 1. HP: 24/24 MP: 1/1
    43 | D        | Found a bloodstained altar of Trog.
    43 | D        | Found a deep blue altar of Sif Muna.
    43 | D        | Found a viscous altar of Jiyva.
    43 | D        | Found a hazy altar of Hepliaklqana.
    43 | D        | Found an opulent altar of Gozag.
    44 | D        | Found a glowing golden altar of the Shining One.
    44 | D        | Found a glowing silver altar of Zin.
    44 | D        | Found a basalt altar of Yredelemnul.
    44 | D        | Found a shimmering altar of Xom.
    44 | D        | Found an ornate altar of the Wu Jian Council.
    44 | D        | Found a sacrificial altar of Ru.
    44 | D        | Found a stormy altar of Qazlal.
    44 | D        | Found an iron altar of Okawaru.
    44 | D        | Found a sparkling altar of Nemelex Xobeh.
    44 | D        | Found a burning altar of Makhleb.
    44 | D        | Found a blossoming altar of Fedhas.
    44 | D        | Found a white marble altar of Elyvilon.
    44 | D        | Found a shadowy altar of Dithmenos.
    44 | D        | Found a snail-covered altar of Cheibriados.
    46 | D        | Found a corrupted altar of Lugonu.
    46 | D        | Found a radiant altar of Vehumet.
    46 | D        | Found a roughly hewn altar of Beogh.
    47 | D        | Found a shattered altar of Ashenzari.
    47 | D        | Found an ancient bone altar of Kikubaaqudgha.
    47 | D        | Found a hide-covered altar of Uskayaw.
    55 | D        | Became a worshipper of Cheibriados the Contemplative
    74 | D        | Reached skill level 2 in Long Blades
    74 | D        | Reached skill level 3 in Dodging
    74 | D        | Reached skill level 3 in Shields
    74 | D        | Reached XP level 2. HP: 16/33 MP: 2/2
    81 | D        | Reached * piety under Cheibriados
   274 | D        | Reached skill level 5 in Fighting
   365 | D        | Noticed a floating eye
   372 | D        | Reached ** piety under Cheibriados
   372 | D        | Reached skill level 3 in Long Blades
   372 | D        | Reached XP level 3. HP: 21/42 MP: 3/3
   376 | D        | Paralysed by a floating eye for 3 turns
   380 | D        | Paralysed by a floating eye for 2 turns
   384 | D        | Paralysed by a floating eye for 3 turns
   393 | D        | Killed a floating eye
   393 | D        | Reached skill level 7 in Fighting
   393 | D        | Reached skill level 4 in Long Blades
   393 | D        | Reached skill level 5 in Dodging
   393 | D        | Reached skill level 5 in Shields
   393 | D        | Reached XP level 4. HP: 34/55 MP: 4/4
   393 | D        | Reached XP level 5. HP: 39/62 MP: 5/5
   394 | D        | Reached *** piety under Cheibriados
   516 | D        | Reached skill level 8 in Fighting
   516 | D        | Reached skill level 5 in Long Blades
   526 | D        | Reached **** piety under Cheibriados
   530 | D        | Reached skill level 6 in Shields
   537 | D        | HP: 6/66 [wight/+5 mace of freezing (1)]
   539 | D        | Reached skill level 9 in Fighting
   539 | D        | Reached skill level 6 in Dodging
   539 | D        | Reached XP level 6. HP: 38/75 MP: 6/6
   542 | D        | Reached ***** piety under Cheibriados
   547 | D        | Reached skill level 6 in Long Blades
   565 | D        | Reached skill level 1 in Invocations
   566 | D        | Noticed a black bear
   898 | D        | Reached skill level 2 in Invocations
   908 | D        | Killed a black bear
   908 | D        | Reached skill level 10 in Fighting
   908 | D        | Reached skill level 7 in Dodging
   908 | D        | Reached skill level 7 in Shields
   908 | D        | Reached skill level 3 in Invocations
   908 | D        | Reached XP level 7. HP: 31/85 MP: 7/9
  1118 | D        | Reached ****** piety under Cheibriados
  1144 | D        | Noticed a fire crab
  1148 | D        | Reached skill level 7 in Long Blades
  1148 | D        | Reached skill level 4 in Invocations
  1151 | D        | Reached skill level 5 in Invocations
  1151 | D        | Reached skill level 11 in Fighting
  1151 | D        | Reached skill level 8 in Dodging
  1151 | D        | Reached skill level 8 in Shields
  1151 | D        | Reached XP level 8. HP: 72/97 MP: 9/12
  1154 | D        | Killed a fire crab
  1154 | D        | Reached skill level 12 in Fighting
  1154 | D        | Reached skill level 8 in Long Blades
  1154 | D        | Reached skill level 7 in Invocations
  1197 | D        | Gained mutation: You are robust. (+10% HP) [potion of
                  | mutation]
  1197 | D        | Gained mutation: You do not regenerate when monsters are
                  | visible. [potion of mutation]
  1197 | D        | Gained mutation: Your muscles are strong. (Str +2) [potion
                  | of mutation]
  1315 | D        | Reached skill level 9 in Dodging
  1315 | D        | Reached skill level 9 in Shields
  1315 | D        | Reached XP level 9. HP: 97/117 MP: 14/14
  1319 | D        | Killed an unseen horror
  1319 | D        | Reached skill level 9 in Long Blades
  1319 | D        | Reached skill level 8 in Invocations
  1319 | D        | Reached skill level 13 in Fighting
  1322 | D        | Noticed a smoke demon
  1378 | D        | Killed a smoke demon
  1601 | D        | Reached skill level 9 in Invocations
  1614 | D        | Noticed a swamp dragon
  1647 | D        | Reached skill level 10 in Dodging
  1647 | D        | Reached skill level 10 in Shields
  1836 | D        | Noticed a black mamba
  1838 | D        | Killed a black mamba
  1838 | D        | Reached skill level 10 in Long Blades
  1838 | D        | Reached XP level 10. HP: 95/132 MP: 15/17
  1842 | D        | Killed a swamp dragon
  1842 | D        | Reached skill level 14 in Fighting
  2232 | D        | Noticed a death yak
  2232 | D        | Noticed a two-headed ogre
  2240 | D        | Killed a two-headed ogre
  2240 | D        | Reached skill level 10 in Invocations
  2244 | D        | Killed a death yak
  2365 | D        | Reached skill level 11 in Dodging
  2365 | D        | Reached skill level 11 in Shields
  2368 | D        | Noticed a gargoyle
  2375 | D        | Killed a gargoyle
  2375 | D        | Reached skill level 15 in Fighting
  2406 | D        | Noticed a deep elf mage
  2406 | D        | Noticed a kobold demonologist
  2407 | D        | Noticed a merfolk siren
  2407 | D        | Noticed a catoblepas
  2408 | D        | Noticed Joseph
  2410 | D        | Killed a kobold demonologist
  2410 | D        | Reached skill level 11 in Long Blades
  2410 | D        | Killed a merfolk siren
  2410 | D        | Reached skill level 11 in Invocations
  2410 | D        | Reached XP level 11. HP: 125/145 MP: 13/19
  2411 | D        | Killed a deep elf mage
  2414 | D        | Killed Joseph
  2418 | D        | Killed a catoblepas
  2514 | D        | Killed an unseen horror
  2514 | D        | Reached skill level 16 in Fighting
  2898 | D        | Noticed Pikel
  2902 | D        | Reached skill level 12 in Invocations
  2904 | D        | Killed Pikel
  2904 | D        | Reached skill level 12 in Dodging
  2904 | D        | Reached skill level 12 in Shields
  2914 | D        | Reached skill level 12 in Long Blades
  2918 | D        | Noticed a death yak
  2940 | D        | Killed a death yak
  3129 | D        | Got the ring "Cuushrea" {*Drain rPois rF+ rC+}
  3183 | D        | Noticed a death yak
  3189 | D        | Killed a death yak
  3689 | D        | Reached skill level 17 in Fighting
  3723 | D        | HP: 13/152 [something (3)]
  4111 | D        | Noticed a death yak
  4112 | D        | Noticed an alligator
  4112 | D        | Paralysed by a floating eye for 4 turns
  4114 | D        | Noticed a death yak
  4119 | D        | Reached skill level 13 in Invocations
  4119 | D        | Noticed a lindwurm
  4121 | D        | Killed an alligator
  4121 | D        | Reached XP level 12. HP: 45/162 MP: 10/21
  4121 | D        | Noticed a death yak
  4122 | D        | Killed a death yak
  4122 | D        | Killed a death yak
  4122 | D        | Reached skill level 13 in Dodging
  4122 | D        | Reached skill level 13 in Shields
  4122 | D        | Reached skill level 13 in Long Blades
  4122 | D        | Noticed a death yak
  4125 | D        | Noticed an alligator
  4126 | D        | Killed a death yak
  4126 | D        | Noticed an ogre mage
  4132 | D        | Killed a death yak
  4132 | D        | Reached skill level 18 in Fighting
  4133 | D        | Reached skill level 14 in Invocations
  4133 | D        | Killed an ogre mage
  4133 | D        | Noticed a red draconian
  4139 | D        | Killed an alligator
  4155 | D        | Killed a red draconian
  4700 | D        | Noticed a bone dragon
  4705 | D        | Reached skill level 14 in Shields
  4712 | D        | Killed a bone dragon
  4712 | D        | Reached skill level 19 in Fighting
  4712 | D        | Reached skill level 14 in Long Blades
  4712 | D        | Reached skill level 14 in Dodging
  4712 | D        | Reached skill level 15 in Invocations
  4712 | D        | Reached XP level 13. HP: 88/178 MP: 4/24
  4882 | D        | Noticed a red draconian annihilator
  4968 | D        | Noticed a red draconian annihilator
  4968 | D        | Noticed an acid blob
  4969 | D        | Noticed a greater mummy
  4971 | D        | Noticed an emperor scorpion
  4971 | D        | Noticed an emperor scorpion
  4971 | D        | Noticed an apis
  4971 | D        | Noticed an emperor scorpion
  4971 | D        | Noticed an emperor scorpion
  4973 | D        | Killed an acid blob
  4975 | D        | Killed a red draconian annihilator
  4976 | D        | Noticed an emperor scorpion
  4976 | D        | Noticed an emperor scorpion
  4976 | D        | Noticed an emperor scorpion
  4982 | D        | Killed a greater mummy
  4982 | D        | Reached skill level 20 in Fighting
  4982 | D        | Reached skill level 15 in Dodging
  4982 | D        | Reached skill level 15 in Shields
  4982 | D        | Reached skill level 16 in Invocations
  4986 | D        | Killed an apis
  5012 | D        | Noticed an angel
  5022 | D        | Was placed under penance by Cheibriados
  5028 | D        | HP: 10/274 [angel/+2 whip of holy wrath (18)]
  5030 | D        | Killed an angel
  5030 | D        | Was forgiven by Cheibriados
  5060 | D        | Noticed a nagaraja
  5378 | D        | Noticed a mummy priest
  5378 | D        | Noticed a fire dragon
  5394 | D        | Killed a mummy priest
  5618 | D        | Noticed a vampire knight
  5624 | D        | Killed a vampire knight
  5624 | D        | Reached skill level 21 in Fighting
  5762 | D        | Killed a nagaraja
  5762 | D        | Reached skill level 16 in Shields
  5762 | D        | Reached XP level 14. HP: 178/196 MP: 26/26
  5770 | D        | Noticed a pearl dragon
  5775 | D        | Noticed a storm dragon
  5778 | D        | Was placed under penance by Cheibriados
  5788 | D        | Killed a pearl dragon
  5788 | D        | Was forgiven by Cheibriados
  5788 | D        | Reached skill level 16 in Dodging
  5788 | D        | HP: 25/297 [storm dragon (10)]
  5790 | D        | HP: 8/198 [storm dragon (2)]
  5790 | D        | Slain by a storm dragon

Levels and vault maps discovered:
D:        pitsprint [storerooms_1, entrance_room_1, metal_vault_5, armoury_3,
          mini_pit_1, grid_room_1, main_hall_1, silver_pit, the_coven_1,
          the_vestibule_1, steel_vault_5, golden_pit, hallway_of_sentries,
          crystal_vault_2, iron_vault_1, final_vault]

Skill      XL: |  1  2  3  4  5  6  7  8  9 10 11 12 13 14 |
---------------+-------------------------------------------+-----
Long Blades    | 2 3 4 5 6 7 8 10 11 12 14 | 14.1
Dodging        | 3 5 6 7 8 9 10 11 12 14 15 16 | 16.3
Shields        | 3 5 6 7 8 9 10 11 12 14 16 | 16.3
Fighting       | 5 7 9 10 11 12 13 15 17 19 21 | 21.7
Invocations    | 3 5 7 9 11 13 15 16 | 16.6

Action                   |  1- 3 |  4- 6 |  7- 9 | 10-12 | 13-15 || total
-------------------------+-------+-------+-------+-------+-------++-------
Melee: Long sword        |    37 |    49 |    43 |   171 |    29 ||   329
       Scimitar          |       |       |       |     3 |    23 ||    26
Invok: Slouch            |       |       |     5 |    29 |    12 ||    46
       Temporal Distorti |       |       |       |       |     2 ||     2
       Bend Time         |       |       |       |       |     1 ||     1
Evoke: Sack of spiders   |       |       |       |       |     1 ||     1
  Use: Potion            |     2 |     5 |     3 |    18 |     3 ||    31
       Scroll            |       |     1 |       |     5 |     1 ||     7
 Stab: Sleeping          |       |       |     1 |       |       ||     1
       Invisible         |       |       |       |     2 |       ||     2
       Distracted        |       |       |       |     1 |       ||     1
  Eat: Chunk             |       |       |     1 |     3 |     1 ||     5
       Ration            |       |       |       |     1 |     1 ||     2
Armor: Robe              |    12 |     9 |     9 |     7 |     2 ||    39
Dodge: Dodged            |    27 |    36 |    53 |   118 |    30 ||   264
Block: Shield            |       |       |       |   118 |    58 ||   176
       Reflection        |       |       |       |       |     4 ||     4
       Rpst.: Long sword |     9 |    10 |     8 |    10 |     3 ||    40

Table legend:
 A = Non-vault XP
 B = Vault XP
 C = Vault XP percentage of total XP
 D = Non-vault monster count
 E = Vault monster count
 F = Vault count percentage of total count
                 A         B        C        D         E       F
            +---------+---------+-------+---------+---------+-------
      Total |     215 |   57939 |  99.6 |       1 |     133 |  99.3
            +---------+---------+-------+---------+---------+-------
          D |     215 |   57939 |  99.6 |       1 |     133 |  99.3
            +---------+---------+-------+---------+---------+-------
